 Dungeon Crawl Stone Soup version 0.30.0 (webtiles) character file.

Game seed: 7527092890878864275

751 dialectric the Covered (level 7, -8/55 HPs)
             Began as a Demonspawn Fighter on May 7, 2023.
             Mangled by Blork the orc
             ... wielding a +0 scimitar
              (17 damage)
             ... on level 5 of the Dungeon.
             The game lasted 00:03:15 (3931 turns).

dialectric the Covered (Demonspawn Fighter)         Turns: 3931, Time: 00:03:16

Health: -8/55      AC:  0    Str: 18    XL:     7   Next: 49%
Magic:  7/7        EV: 14    Int: 10    God:
Gold:   352        SH:  0    Dex: 12    Spells: 6/6 levels left

rFire   . . .        a - melded +0 long sword
rCold   . . .        (shield currently unavailable)
rNeg    . . .        b - melded +0 scale mail
rPois   .            r - melded +2 helmet
rElec   .            (cloak currently unavailable)
rCorr   .            (gloves currently unavailable)
SInv    .            (boots currently unavailable)
Will    .....        (no amulet)
Stlth   ++           (ring currently unavailable)
HPRegen 0.29/turn    (ring currently unavailable)
MPRegen 0.10/turn

%: no passive effects
@: pig-form, very quick
A: fast, no casting, small, powered by pain 1, (weakness stinger 2)
a: no special abilities


You were on level 5 of the Dungeon.
You were a filthy swine.
You visited 1 branch of the dungeon, and saw 5 of its levels.

You collected 352 gold pieces.

Inventory:

Hand Weapons
 a - a +0 long sword (melded)
 k - a +1 whip of venom
Armour
 b - a +0 scale mail (melded)
 c - a +0 buckler
 r - a +2 helmet (melded)
Wands
 l - a wand of mindburst (16)
 s - a wand of acid (13)
 t - a wand of charming (2)
Scrolls
 e - 2 scrolls of identify {unknown}
 f - 3 scrolls of teleportation
 g - a scroll of magic mapping {unknown}
 j - a scroll of vulnerability {unknown}
 n - 2 scrolls of amnesia {unknown}
Potions
 d - 3 potions of might
 h - 2 potions of heal wounds {unknown}
 i - 3 potions of curing {unknown}
 m - 2 potions of haste {unknown}
 o - a potion of brilliance {unknown}
 p - a potion of lignification {unknown}
 q - 2 potions of flight {unknown}


   Skills:
 + Level 4.6 Fighting
 + Level 5.0 Long Blades
 - Level 5.0 Armour
 * Level 1.7 Dodging
 + Level 1.0 Stealth
 - Level 2.7 Shields


You had 6 spell levels left.
You didn't know any spells.
Your spell library contained the following spells:

 Spells                   Type           Power      Damage    Failure   Level
 Portal Projectile        Hex/Tloc       0%         N/A       75%         3
 Tukima's Dance           Hex            0%         N/A       75%         3
 Summon Lightning Spire   Summ/Air       0%         N/A       98%         4
 Blade Hands              Tmut           0%         N/A       100%        5
 Storm Form               Tmut/Air       0%         N/A       100%        7
 Maxwell's Capacitive Co  Air            0%         ∞         100%        8


Dungeon Overview and Level Annotations

Branches:
Dungeon (5/15)
 Temple: D:4-7

Altars:
Ashenzari
Fedhas
Kikubaaqudgha
Xom

Annotations:
D:5 Blork the orc


Innate Abilities, Weirdness & Mutations

You are a filthy swine.
You move quickly.
Your equipment is almost entirely melded.
You are incapable of wielding weapons or throwing items.
You cannot cast spells.
You sometimes gain a little power by taking damage.
((You have a tail ending in a sharp stinger.))


Message History

Blork the orc zaps a wand.
You turn into a filthy swine.
Your +0 long sword melds into your body.
Your +2 helmet melds into your body.
Your +0 scale mail melds into your body.
Blork the orc hits you with a +0 scimitar.
You hit Blork the orc.
Blork the orc is lightly wounded.
Blork the orc barely misses you.
You hit Blork the orc.
Blork the orc is moderately wounded.
Blork the orc gestures wildly while chanting.
Blork the orc seems to speed up.
You hit Blork the orc but do no damage.
Blork the orc is moderately wounded.
Blork the orc casts a spell at you. The magic dart hits you!
You barely miss Blork the orc.
Blork the orc is moderately wounded.
Blork the orc miscasts a cantrip.
You hit Blork the orc but do no damage.
Blork the orc is moderately wounded.
Blork the orc hits you with a +0 scimitar!
Blork the orc completely misses you.
You are too injured to fight recklessly!
You are too injured to fight recklessly!
You are too injured to fight recklessly!
You are too injured to fight recklessly!
You barely miss Blork the orc.
Blork the orc is moderately wounded.
Blork the orc misses you.
You barely miss Blork the orc.
Blork the orc is moderately wounded.
Blork the orc barely misses you.
Unknown command.
Blork the orc attacks as you move away!
Blork the orc hits you with a +0 scimitar!
* * * LOW HITPOINT WARNING * * *
Blork the orc attacks as you move away!
Blork the orc hits you with a +0 scimitar!
You die...

##. ... ####.#
..#####....# .#.
.........
.....##...###
~##..##.......#
.........##oh..#
♣......## #....###
.......#####....#####
#...>...............
#..................#
#..#######...#####.#
#..#.....#.#.# # ...
#..#...[.#...# #..#
#..#.._..'..##


You could see Blork the orc (fast).

Vanquished Creatures
  Grinder (D:4)
  Sigmund (D:2)
  A phantom (D:4)
  A bullfrog (D:4)
  A scorpion (D:4)
  A sleepcap (D:4)
  Robin (D:4)
  2 gnolls (D:4)
  5 adders
  An ufetubus (D:4)
  3 worms
  4 orcs
  2 ball pythons
  5 bats
  4 endoplasms
  2 giant cockroaches (D:2)
  14 goblins
  11 hobgoblins
  5 jackals (D:1)
  5 kobolds
  2 quokkas
  2 frilled lizards (D:2)
  3 rats
77 creatures vanquished.

Notes
Turn   | Place    | Note
-------+----------+-------------------------------------------
     0 | D:1      | dialectric the Demonspawn Fighter began the quest for the
                  | Orb.
     0 | D:1      | Reached XP level 1. HP: 18/18 MP: 1/1
     4 | D:1      | Noticed an electric eel
     5 | D:1      | Noticed an electric eel
   269 | D:1      | Gained mutation: You have a small tail. [demonic ancestry]
   269 | D:1      | Reached XP level 2. HP: 24/24 MP: 2/2
  1032 | D:2      | Gained mutation: You have a tail ending in a sharp stinger.
                  | [demonic ancestry]
  1032 | D:2      | Reached XP level 3. HP: 25/29 MP: 3/3
  1170 | D:2      | Noticed Sigmund
  1182 | D:2      | Killed Sigmund
  1183 | D:2      | Reached skill level 1 in Dodging
  1183 | D:2      | Reached XP level 4. HP: 5/37 MP: 4/4
  1183 | D:2      | Reached XP level 5. HP: 5/42 MP: 5/5
  2421 | D:4      | Noticed Robin
  2431 | D:4      | Gained mutation: You sometimes gain a little power by
                  | taking damage. [demonic ancestry]
  2431 | D:4      | Reached XP level 6. HP: 31/48 MP: 6/6
  2453 | D:4      | Killed Robin
  2661 | D:4      | Found an ancient bone altar of Kikubaaqudgha.
  2664 | D:4      | Found a blossoming altar of Fedhas.
  3113 | D:4      | Found a broken altar of Ashenzari.
  3199 | D:4      | Reached skill level 1 in Stealth
  3520 | D:4      | Reached XP level 7. HP: 55/55 MP: 7/7
  3654 | D:4      | Noticed Grinder
  3661 | D:4      | Paralysed by Grinder for 5 turns
  3670 | D:4      | Killed Grinder
  3671 | D:4      | Reached skill level 5 in Long Blades
  3671 | D:4      | Reached skill level 5 in Armour
  3856 | D:5      | Entered Level 5 of the Dungeon
  3874 | D:5      | Found a shimmering altar of Xom.
  3915 | D:5      | Noticed Blork the orc
  3931 | D:5      | Mangled by Blork the orc

Illustrated notes

Levels and vault maps discovered:
D:1:      arrival_aquarium_b, layout_loops_cross
D:2:      minmay_recursive_quarters, layout_basic, hangedman_decor_push,
          uniq_sigmund
D:3:      layout_basic, mainiacjoe_overflow_catwalk, uniq_jessica, uniq_ijyb
D:4:      layout_basic, grunt_temple_overflow_growth_and_decay,
          kennysheep_little_box, uniq_robin, uniq_grinder
D:5:      layout_rooms, elyvilon_altar_4, amcnicky_altar_gilded,
          minmay_temple_entry_grid, serial_shops, shop, goddamned_bats,
          uniq_duvessa, uniq_edmund, uniq_blork_the_orc

Skill      XL: |  1  2  3  4  5  6  7 |
---------------+----------------------+-----
Long Blades    | 2 3 4 5 |  5.0
Armour         | 3 4 5 |  5.0
Fighting       | 4 |  4.6
Dodging        | 1 |  1.7
Stealth        | 1 |  1.0
Shields        | |  2.7

Action                     |  1- 3 |  4- 6 |  7- 9 || total
---------------------------+-------+-------+-------++-------
  Melee: Long sword        |    91 |   144 |    17 ||   252
         Tailslap          |     8 |    25 |     2 ||    35
         Punch             |       |     2 |     2 ||     4
         Unarmed           |       |       |     7 ||     7
    Use: Scroll            |       |     1 |       ||     1
 Armour: Scale mail        |    52 |    92 |    10 ||   154
  Dodge: Dodged            |    51 |   100 |    14 ||   165
